Oilers vs Flames

Created - 23 septembre 2017 at 18:50

Simulating a Pre-Season

Goals
1 2 3 T
Oilers 0 1 0 1
Flames 1 1 0 2
Shots
1 2 3 T
Oilers 12 14 9 35
Flames 13 6 4 23

1st period

1. Flames , Viktor Arvidsson 2 (John Carlson 1, Kyle Palmieri 2) at 4:20

Penalties :
James van Riemsdyk (CGY) for Tripping (Minor) at 1:22, Ryan Getzlaf (EDM) for Roughing (Minor) at 11:01, Nikita Tryamkin (EDM) for Hooking (Minor) at 17:59

2nd period

2. Oilers , Brett Ritchie 1 (Nikita Tryamkin 1, Brian Flynn 1) at 10:33
3. Flames , Antoine Vermette 1 (Justin Faulk 2) at 19:18

Penalties :
John Carlson (CGY) for Interference (Minor) at 1:47, John Carlson (CGY) for Holding (Minor) at 3:48, Emerson Etem (EDM) for Roughing (Minor) at 3:48

3rd period

No Goal

Penalties :
Jared Spurgeon (CGY) for Roughing (Minor) at 0:15, Alex Petrovic (EDM) for Holding (Minor) at 4:34, Adam Lowry (CGY) for Interference (Minor) at 8:27, Cameron Gaunce (CGY) for Roughing (Minor) at 15:06

Goalie Stats

Martin Jones (EDM), 21 saves from 23 shots - (0.913), L, 0-2-0, 59:00 minutes
Andrei Vasilevskiy (CGY), 34 saves from 35 shots - (0.971), W, 1-1-1, 60:00 minutes

Players Stats for Oilers

Player Name              G  A  P  +/- PIM S  H  SB GA TA FO     MP     PP MP  PK MP  
------------------------------------------------------------------------------------
Aleksander Barkov        0  0  0  -1  0   1  0  1  0  0  6/18    9:53   0:00   2:21 
Alex Petrovic            0  0  0  -1  2   0  2  1  0  0  0/0    19:57   4:12   1:43 
Artem Anisimov           0  0  0   0  0   4  0  0  0  0  8/14   10:49   0:00   0:43 
Brad Marchand            0  0  0  -1  0   3  0  0  0  0  0/0    19:14   5:33   0:00 
Brent Burns              0  0  0  -1  0   3  1  1  0  0  0/0    22:23   5:13   0:00 
Brett Ritchie            1  0  1   1  0   3  2  0  0  0  0/1    16:58   4:22   0:00 
Brian Flynn              0  1  1   1  0   1  0  0  0  0  2/2    20:50   4:22   2:41 
Dominic Moore            0  0  0   0  0   0  0  0  0  0  1/1     2:15   0:00   0:00 
Emerson Etem             0  0  0  -1  2   2  1  0  0  0  0/1    10:13   0:00   2:53 
Francois Beauchemin      0  0  0  -1  0   2  2  2  0  0  0/0    24:06   4:12   2:44 
Justin Williams          0  0  0  -1  0   1  2  0  0  0  2/2    19:38   5:33   0:00 
Marc-Edouard Vlasic      0  0  0  -1  0   4  0  2  0  0  0/0    21:28   5:43   2:17 
Martin Marincin          0  0  0   1  0   1  0  0  0  0  0/0    16:41   0:00   3:46 
Matthew Nieto            0  0  0  -1  0   0  1  1  0  0  0/1    14:01   0:00   0:00 
Nikita Tryamkin          0  1  1   1  2   0  3  0  0  0  0/0    15:23   0:30   1:24 
Pavel Buchnevich         0  0  0   0  0   2  0  0  0  0  0/0     8:20   0:00   0:00 
Ryan Getzlaf             0  0  0  -1  2   6  0  1  0  0  14/22  19:13   5:33   0:00 
Ryan Johansen            0  0  0   1  0   2  2  0  0  0  11/31  20:38   4:22   3:16 

Players Stats for Flames

Player Name              G  A  P  +/- PIM S  H  SB GA TA FO     MP     PP MP  PK MP  
------------------------------------------------------------------------------------
Adam Lowry               0  0  0   0  2   4  1  1  0  0  14/18  12:44   2:45   0:00 
Alec Martinez            0  0  0   1  0   1  4  2  0  0  0/0    21:09   2:23   4:58 
Alexander Radulov        0  0  0   1  0   1  1  0  0  0  0/2    18:38   3:34   0:00 
Antoine Vermette         1  0  1   1  0   5  1  0  0  0  19/27  21:06   2:43   3:04 
Boyd Gordon              0  0  0   0  0   1  0  0  0  0  8/15   12:35   0:00   0:00 
Brady Skjei              0  0  0  -1  0   0  2  1  0  0  0/0    13:37   0:00   0:38 
Cameron Gaunce           0  0  0  -1  2   1  1  1  0  0  0/0    12:30   0:00   0:41 
Devante Smith-Pelly      0  0  0   0  0   0  0  0  0  0  1/2     2:34   0:49   0:00 
Gabriel Bourque          0  0  0   0  0   1  0  0  0  0  0/1     4:59   0:29   0:00 
James van Riemsdyk       0  0  0   1  2   2  2  0  0  0  0/2    24:16   3:12   4:17 
Jared Spurgeon           0  0  0   1  2   3  2  3  0  0  0/0    26:38   3:34   4:35 
Jarome Iginla            0  0  0   0  0   1  1  0  0  0  1/2    17:58   2:25   3:04 
John Carlson             0  1  1   1  4   0  0  3  0  0  0/0    18:37   2:23   3:37 
Jordan Martinook         0  0  0   0  0   1  2  0  0  0  0/1    12:14   0:00   0:00 
Justin Faulk             0  1  1   1  0   0  5  0  0  0  0/0    23:51   0:00   5:21 
Kyle Palmieri            0  1  1   0  0   1  0  1  0  0  5/22   24:45   2:43   6:51 
Shane Doan               0  0  0   0  0   0  0  0  0  0  0/0     7:04   0:00   2:34 
Viktor Arvidsson         1  0  1   0  0   1  0  0  0  0  1/1    12:45   2:45   0:00 

3 Stars

1 - Andrei Vasilevskiy (CGY)
2 - Brett Ritchie (EDM)
3 - Justin Faulk (CGY)

Power Play

Oilers - 0 on 5 Attempt(s) - 0.00%
Flames - 0 on 3 Attempt(s) - 0.00%

Penalty Kill

Oilers - 3 on 3 Attempt(s) - 100.00% - Score 0 goal in Penalty Kill
Flames - 5 on 5 Attempt(s) - 100.00% - Score 0 goal in Penalty Kill

Team Stat

Oilers - Hits : 16 - Faceoff Wins : 44 - Blocked Shots : 9 - Penalty Minutes : 8
Flames - Hits : 22 - Faceoff Wins : 49 - Blocked Shots : 12 - Penalty Minutes : 12

Official

Referees : Tom Kowal and Jean Hebert
Linesman : Ryan Gibbons and Ryan Galloway

Game Notes

No Game Note

% Time on Ice - Oilers

Lines # - Real PCT - Wanted PCT - Time Play
Normal Forward
1 - 33% - 30% - 13:41
2 - 30% - 30% - 12:36
3 - 18% - 20% - 7:21
4 - 20% - 20% - 8:20
Normal Defense
1 - 37% - 34% - 15:41
2 - 32% - 33% - 13:15
3 - 31% - 33% - 12:55
4 - 0% - 0% - 0:07
PP Forward
1 - 56% - 50% - 5:33
2 - 44% - 50% - 4:22
PP Defense
1 - 58% - 50% - 5:43
2 - 42% - 50% - 4:12
PK Forward
1 - 45% - 50% - 2:41
2 - 55% - 50% - 3:16
PK Defense
1 - 46% - 50% - 2:44
2 - 54% - 50% - 3:13
PK3 Forward
1 - 0% - 50%
2 - 0% - 50%
PK3 Defense
1 - 0% - 50%
2 - 0% - 50%
44 Forward
1 - 80% - 60% - 1:35
2 - 20% - 40% - 0:24
44 Defense
1 - 60% - 60% - 1:11
2 - 40% - 40% - 0:48
Last Minute Offensive  - 0:11
Last Minute Defensive  - 0:00
Total
Forward - 60:00
Defense - 60:00

% Time on Ice - Flames

Lines # - Real PCT - Wanted PCT - Time Play
Normal Forward
1 - 36% - 40% - 15:04
2 - 24% - 30% - 10:00
3 - 29% - 20% - 12:14
4 - 11% - 10% - 4:30
Normal Defense
1 - 40% - 40% - 16:53
2 - 30% - 30% - 12:39
3 - 27% - 20% - 11:27
4 - 2% - 10% - 0:49
PP Forward
1 - 54% - 60% - 3:12
2 - 46% - 40% - 2:45
PP Defense
1 - 60% - 60% - 3:34
2 - 40% - 40% - 2:23
PK Forward
1 - 69% - 60% - 6:51
2 - 31% - 40% - 3:04
PK Defense
1 - 54% - 60% - 5:21
2 - 46% - 40% - 4:34
PK3 Forward
1 - 0% - 60%
2 - 0% - 40%
PK3 Defense
1 - 0% - 60%
2 - 0% - 40%
44 Forward
1 - 87% - 60% - 1:44
2 - 13% - 40% - 0:15
44 Defense
1 - 40% - 60% - 0:48
2 - 60% - 40% - 1:11
Last Minute Offensive  - 0:00
Last Minute Defensive  - 0:21
Total
Forward - 60:00
Defense - 60:00

Play by Play

1st period


0:01 of 1st period - Ryan Getzlaf wins face-off versus Antoine Vermette in neutral zone.
0:03 of 1st period - Brad Marchand is hit by Justin Faulk and loses puck.
0:24 of 1st period - Shot by James van Riemsdyk.
0:24 of 1st period - Shot Misses the Net.
0:26 of 1st period - Shot by Alexander Radulov.
0:26 of 1st period - Stopped by Martin Jones with a rebound.
0:28 of 1st period - Shot by Jared Spurgeon.
0:28 of 1st period - Stopped by Martin Jones without a rebound.
0:29 of 1st period - Viktor Arvidsson wins face-off versus Ryan Johansen in Oilers zone.
0:33 of 1st period - Icing by Alex Petrovic.
0:34 of 1st period - Jarome Iginla wins face-off versus Ryan Johansen in Oilers zone.
0:54 of 1st period - Icing by Ryan Johansen.
0:55 of 1st period - Adam Lowry wins face-off versus Ryan Johansen in Oilers zone.
1:01 of 1st period - Off-side.
1:02 of 1st period - Aleksander Barkov wins face-off versus Adam Lowry in neutral zone.
1:15 of 1st period - Shot by Adam Lowry.
1:15 of 1st period - Stopped by Martin Jones without a rebound.
1:16 of 1st period - Artem Anisimov wins face-off versus Antoine Vermette in Oilers zone.
1:22 of 1st period - Minor Penalty to James van Riemsdyk for Tripping.
1:23 of 1st period - Ryan Getzlaf wins face-off versus Kyle Palmieri in Flames zone.
1:32 of 1st period - Shot by Brad Marchand.
1:32 of 1st period - Stopped by Andrei Vasilevskiy with a rebound.
1:34 of 1st period - Shot by Brad Marchand.
1:34 of 1st period - Shot Misses the Net.
1:36 of 1st period - Shot by Ryan Getzlaf.
1:36 of 1st period - Shot Misses the Net.
1:38 of 1st period - Shot by Marc-Edouard Vlasic.
1:38 of 1st period - Stopped by Andrei Vasilevskiy without a rebound.
1:39 of 1st period - Ryan Johansen wins face-off versus Kyle Palmieri in Flames zone.
1:39 of 1st period - Ryan Johansen is hit by Alec Martinez.
1:43 of 1st period - Shot by Brian Flynn.
1:43 of 1st period - Shot Misses the Net.
1:45 of 1st period - Shot by Alex Petrovic.
1:45 of 1st period - Deflect By Brett Ritchie.
1:45 of 1st period - Stopped by Andrei Vasilevskiy without a rebound.
1:46 of 1st period - Antoine Vermette wins face-off versus Ryan Johansen in Flames zone.
2:35 of 1st period - Icing by Francois Beauchemin.
2:36 of 1st period - Kyle Palmieri wins face-off versus Ryan Johansen in Oilers zone.
3:44 of 1st period - Shot by James van Riemsdyk.
3:44 of 1st period - Shot Hit the Post.
3:52 of 1st period - Shot by James van Riemsdyk.
3:52 of 1st period - Stopped by Martin Jones without a rebound.
3:53 of 1st period - Ryan Getzlaf wins face-off versus Boyd Gordon in Oilers zone.
3:53 of 1st period - Ryan Getzlaf is hit by Jordan Martinook.
4:10 of 1st period - Off-side.
4:11 of 1st period - Adam Lowry wins face-off versus Aleksander Barkov in neutral zone.
4:18 of 1st period - Shot by Viktor Arvidsson.
4:18 of 1st period - Shot Blocked by Aleksander Barkov.
4:20 of 1st period - Shot by Viktor Arvidsson.
4:20 of 1st period - Goal by Viktor Arvidsson - Oilers : 0 - Flames : 1.
4:21 of 1st period - Ryan Getzlaf wins face-off versus Kyle Palmieri in neutral zone.
5:33 of 1st period - Shot by Brent Burns.
5:33 of 1st period - Deflect By Ryan Johansen.
5:33 of 1st period - Stopped by Andrei Vasilevskiy without a rebound.
5:34 of 1st period - Boyd Gordon wins face-off versus Aleksander Barkov in Flames zone.
5:41 of 1st period - Alex Petrovic is hit by Jarome Iginla.
6:06 of 1st period - Shot by Aleksander Barkov.
6:06 of 1st period - Shot Misses the Net.
6:41 of 1st period - Shot by Brent Burns.
6:41 of 1st period - Stopped by Andrei Vasilevskiy without a rebound.
6:42 of 1st period - Adam Lowry wins face-off versus Ryan Getzlaf in Flames zone.
7:08 of 1st period - Francois Beauchemin is hit by Justin Faulk and loses puck.
8:15 of 1st period - Shot by Artem Anisimov.
8:15 of 1st period - Stopped by Andrei Vasilevskiy without a rebound.
8:16 of 1st period - Aleksander Barkov wins face-off versus Kyle Palmieri in Flames zone.
8:16 of 1st period - Aleksander Barkov is hit by Jared Spurgeon.
8:21 of 1st period - Aleksander Barkov is hit by Jared Spurgeon and loses puck.
8:29 of 1st period - Icing by Jared Spurgeon.
8:30 of 1st period - Ryan Getzlaf wins face-off versus Kyle Palmieri in Flames zone.
8:53 of 1st period - Icing by Brad Marchand.
8:54 of 1st period - Boyd Gordon wins face-off versus Ryan Getzlaf in Oilers zone.
9:03 of 1st period - Shot by Brad Marchand.
9:03 of 1st period - Shot Misses the Net.
9:05 of 1st period - Shot by Justin Williams.
9:05 of 1st period - Shot Blocked by John Carlson.
9:07 of 1st period - Shot by Justin Williams.
9:07 of 1st period - Deflect By Brad Marchand.
9:07 of 1st period - Shot Blocked by John Carlson.
9:13 of 1st period - Shot by Ryan Getzlaf.
9:13 of 1st period - Stopped by Andrei Vasilevskiy without a rebound.
9:14 of 1st period - Artem Anisimov wins face-off versus Alexander Radulov in Flames zone.
9:49 of 1st period - Icing by Brady Skjei.
9:50 of 1st period - Antoine Vermette wins face-off versus Ryan Johansen in Flames zone.
9:58 of 1st period - Icing by Francois Beauchemin.
9:59 of 1st period - Adam Lowry wins face-off versus Ryan Johansen in Oilers zone.
10:00 of 1st period - Shot by Viktor Arvidsson.
10:00 of 1st period - Shot Misses the Net.
10:11 of 1st period - Brian Flynn is hit by Justin Faulk and loses puck.
10:28 of 1st period - Shot by Brian Flynn.
10:28 of 1st period - Stopped by Andrei Vasilevskiy with a rebound.
10:30 of 1st period - Shot by Brett Ritchie.
10:30 of 1st period - Shot Blocked by Adam Lowry.
10:43 of 1st period - Icing by Jared Spurgeon.
10:44 of 1st period - Adam Lowry wins face-off versus Artem Anisimov in Flames zone.
10:59 of 1st period - Shot by Pavel Buchnevich.
10:59 of 1st period - Stopped by Andrei Vasilevskiy without a rebound.
11:00 of 1st period - Antoine Vermette wins face-off versus Ryan Getzlaf in Flames zone.
11:00 of 1st period - Antoine Vermette is hit by Justin Williams.
11:01 of 1st period - Minor Penalty to Ryan Getzlaf for Roughing.
11:02 of 1st period - Antoine Vermette wins face-off versus Ryan Johansen in Oilers zone.
11:07 of 1st period - Shot by Kyle Palmieri.
11:07 of 1st period - Stopped by Martin Jones with a rebound.
11:09 of 1st period - Shot by Antoine Vermette.
11:09 of 1st period - Shot Misses the Net.
11:11 of 1st period - Shot by Alec Martinez.
11:11 of 1st period - Stopped by Martin Jones without a rebound.
11:12 of 1st period - Aleksander Barkov wins face-off versus Antoine Vermette in Oilers zone.
11:23 of 1st period - Shot by Emerson Etem.
11:23 of 1st period - Stopped by Andrei Vasilevskiy without a rebound.
11:24 of 1st period - Adam Lowry wins face-off versus Aleksander Barkov in Flames zone.
11:28 of 1st period - Off-side.
11:29 of 1st period - Adam Lowry wins face-off versus Aleksander Barkov in neutral zone.
11:34 of 1st period - Shot by Jarome Iginla.
11:34 of 1st period - Shot Misses the Net.
11:50 of 1st period - Shot by Jared Spurgeon.
11:50 of 1st period - Stopped by Martin Jones without a rebound.
11:51 of 1st period - Antoine Vermette wins face-off versus Aleksander Barkov in Oilers zone.
11:51 of 1st period - James van Riemsdyk is hit by Nikita Tryamkin and loses puck.
12:28 of 1st period - Kyle Palmieri is hit by Nikita Tryamkin and loses puck.
12:51 of 1st period - Shot by Jared Spurgeon.
12:51 of 1st period - Shot Misses the Net.
12:57 of 1st period - Shot by Jared Spurgeon.
12:57 of 1st period - Shot Misses the Net.
13:23 of 1st period - Shot by Brady Skjei.
13:23 of 1st period - Shot Blocked by Francois Beauchemin.
14:18 of 1st period - Icing by Jared Spurgeon.
14:19 of 1st period - Ryan Johansen wins face-off versus Kyle Palmieri in Flames zone.
14:56 of 1st period - Shot by Antoine Vermette.
14:56 of 1st period - Shot Misses the Net.
15:16 of 1st period - Shot by Antoine Vermette.
15:16 of 1st period - Stopped by Martin Jones without a rebound.
15:17 of 1st period - Ryan Getzlaf wins face-off versus Boyd Gordon in Oilers zone.
15:19 of 1st period - Brad Marchand is hit by Jordan Martinook and loses puck.
15:51 of 1st period - Brady Skjei is hit by Alex Petrovic and loses puck.
16:48 of 1st period - Shot by Matthew Nieto.
16:48 of 1st period - Shot Blocked by Jared Spurgeon.
17:18 of 1st period - Shot by Artem Anisimov.
17:18 of 1st period - Stopped by Andrei Vasilevskiy without a rebound.
17:19 of 1st period - Ryan Johansen wins face-off versus Boyd Gordon in Flames zone.
17:32 of 1st period - Shot by Ryan Johansen.
17:32 of 1st period - Stopped by Andrei Vasilevskiy without a rebound.
17:33 of 1st period - Justin Williams wins face-off versus Antoine Vermette in Flames zone.
17:34 of 1st period - Shot by Brad Marchand.
17:34 of 1st period - Shot Misses the Net.
17:47 of 1st period - Shot by James van Riemsdyk.
17:47 of 1st period - Stopped by Martin Jones without a rebound.
17:48 of 1st period - Ryan Johansen wins face-off versus Boyd Gordon in Oilers zone.
17:54 of 1st period - Off-side.
17:55 of 1st period - Boyd Gordon wins face-off versus Aleksander Barkov in neutral zone.
17:59 of 1st period - Minor Penalty to Nikita Tryamkin for Hooking.
18:00 of 1st period - Aleksander Barkov wins face-off versus Jarome Iginla in Oilers zone.
18:10 of 1st period - Shot by Adam Lowry.
18:10 of 1st period - Shot Misses the Net.
18:12 of 1st period - Shot by Jared Spurgeon.
18:12 of 1st period - Stopped by Martin Jones without a rebound.
18:13 of 1st period - Antoine Vermette wins face-off versus Aleksander Barkov in Oilers zone.
18:32 of 1st period - Shot by Antoine Vermette.
18:32 of 1st period - Stopped by Martin Jones without a rebound.
18:33 of 1st period - Adam Lowry wins face-off versus Aleksander Barkov in Oilers zone.
18:43 of 1st period - Shot by Viktor Arvidsson.
18:43 of 1st period - Shot Misses the Net.
18:59 of 1st period - Shot by John Carlson.
18:59 of 1st period - Shot Blocked by Alex Petrovic.
19:45 of 1st period - Shot by Antoine Vermette.
19:45 of 1st period - Stopped by Martin Jones without a rebound.
19:46 of 1st period - Antoine Vermette wins face-off versus Ryan Johansen in Oilers zone.
Goals for this period are 0 for Oilers vs 1 for Flames.
Shots for this period are 12 for Oilers vs 13 for Flames.

2nd period


0:01 of 2nd period - Antoine Vermette wins face-off versus Brett Ritchie in neutral zone.
1:04 of 2nd period - Shot by Emerson Etem.
1:04 of 2nd period - Stopped by Andrei Vasilevskiy without a rebound.
1:05 of 2nd period - Ryan Getzlaf wins face-off versus Boyd Gordon in Flames zone.
1:06 of 2nd period - Shot by Justin Williams.
1:06 of 2nd period - Shot Blocked by Cameron Gaunce.
1:27 of 2nd period - Jordan Martinook is hit by Francois Beauchemin and loses puck.
1:42 of 2nd period - Shot by Ryan Getzlaf.
1:42 of 2nd period - Stopped by Andrei Vasilevskiy without a rebound.
1:43 of 2nd period - Adam Lowry wins face-off versus Aleksander Barkov in Flames zone.
1:47 of 2nd period - Minor Penalty to John Carlson for Interference.
1:48 of 2nd period - Ryan Johansen wins face-off versus Kyle Palmieri in Flames zone.
2:51 of 2nd period - Shot by Justin Williams.
2:51 of 2nd period - Deflect By Brad Marchand.
2:51 of 2nd period - Shot Misses the Net.
2:53 of 2nd period - Shot by Ryan Getzlaf.
2:53 of 2nd period - Shot Misses the Net.
2:55 of 2nd period - Shot by Ryan Getzlaf.
2:55 of 2nd period - Stopped by Andrei Vasilevskiy without a rebound.
2:56 of 2nd period - Ryan Getzlaf wins face-off versus Kyle Palmieri in Flames zone.
3:45 of 2nd period - Shot by Francois Beauchemin.
3:45 of 2nd period - Stopped by Andrei Vasilevskiy with a rebound.
3:48 of 2nd period - Minor Penalty to John Carlson for Holding.
3:48 of 2nd period - Minor Penalty to Emerson Etem for Roughing.
3:49 of 2nd period - Devante Smith-Pelly wins face-off versus Artem Anisimov in Flames zone.
3:51 of 2nd period - Icing by Justin Faulk.
3:52 of 2nd period - Artem Anisimov wins face-off versus Devante Smith-Pelly in Flames zone.
4:19 of 2nd period - Shot by Artem Anisimov.
4:19 of 2nd period - Shot Misses the Net.
4:21 of 2nd period - Shot by Artem Anisimov.
4:21 of 2nd period - Stopped by Andrei Vasilevskiy without a rebound.
4:22 of 2nd period - Dominic Moore wins face-off versus Kyle Palmieri in Flames zone.
4:33 of 2nd period - Icing by Artem Anisimov.
4:34 of 2nd period - Artem Anisimov wins face-off versus Kyle Palmieri in Oilers zone.
4:45 of 2nd period - Shot by Artem Anisimov.
4:45 of 2nd period - Stopped by Andrei Vasilevskiy without a rebound.
4:46 of 2nd period - Antoine Vermette wins face-off versus Artem Anisimov in Flames zone.
5:00 of 2nd period - Icing by Artem Anisimov.
5:01 of 2nd period - Brian Flynn wins face-off versus Kyle Palmieri in Oilers zone.
5:01 of 2nd period - Brian Flynn is hit by James van Riemsdyk.
6:47 of 2nd period - Shot by Adam Lowry.
6:47 of 2nd period - Stopped by Martin Jones without a rebound.
6:48 of 2nd period - Antoine Vermette wins face-off versus Ryan Johansen in Oilers zone.
6:48 of 2nd period - Alexander Radulov is hit by Alex Petrovic and loses puck.
7:12 of 2nd period - Icing by Marc-Edouard Vlasic.
7:13 of 2nd period - Adam Lowry wins face-off versus Ryan Johansen in Oilers zone.
7:22 of 2nd period - Shot by Ryan Johansen.
7:22 of 2nd period - Deflect By Brett Ritchie.
7:22 of 2nd period - Shot Blocked by Alec Martinez.
7:24 of 2nd period - Shot by Alex Petrovic.
7:24 of 2nd period - Shot Misses the Net.
7:27 of 2nd period - Ryan Johansen is hit by Alec Martinez and loses puck.
7:57 of 2nd period - Jared Spurgeon is hit by Justin Williams and loses puck.
8:06 of 2nd period - Shot by Boyd Gordon.
8:06 of 2nd period - Stopped by Martin Jones without a rebound.
8:07 of 2nd period - Artem Anisimov wins face-off versus James van Riemsdyk in Oilers zone.
9:03 of 2nd period - Icing by Marc-Edouard Vlasic.
9:04 of 2nd period - Boyd Gordon wins face-off versus Ryan Getzlaf in Oilers zone.
10:23 of 2nd period - Icing by Cameron Gaunce.
10:24 of 2nd period - Adam Lowry wins face-off versus Ryan Johansen in Flames zone.
10:29 of 2nd period - Shot by Brett Ritchie.
10:29 of 2nd period - Shot Misses the Net.
10:31 of 2nd period - Shot by Brian Flynn.
10:31 of 2nd period - Shot Misses the Net.
10:33 of 2nd period - Shot by Nikita Tryamkin.
10:33 of 2nd period - Deflect By Brett Ritchie.
10:33 of 2nd period - Goal by Brett Ritchie - Oilers : 1 - Flames : 1.
10:34 of 2nd period - Antoine Vermette wins face-off versus Emerson Etem in neutral zone.
10:43 of 2nd period - Shot by Antoine Vermette.
10:43 of 2nd period - Stopped by Martin Jones without a rebound.
10:44 of 2nd period - Ryan Johansen wins face-off versus Gabriel Bourque in Oilers zone.
11:57 of 2nd period - Off-side.
11:58 of 2nd period - Boyd Gordon wins face-off versus Aleksander Barkov in neutral zone.
11:58 of 2nd period - Brady Skjei is hit by Matthew Nieto and loses puck.
12:22 of 2nd period - Off-side.
12:23 of 2nd period - Justin Williams wins face-off versus James van Riemsdyk in neutral zone.
12:50 of 2nd period - Shot by Ryan Getzlaf.
12:50 of 2nd period - Shot Blocked by Jared Spurgeon.
12:52 of 2nd period - Shot by Alex Petrovic.
12:52 of 2nd period - Shot Misses the Net.
12:54 of 2nd period - Shot by Brad Marchand.
12:54 of 2nd period - Stopped by Andrei Vasilevskiy without a rebound.
12:55 of 2nd period - Artem Anisimov wins face-off versus Adam Lowry in Flames zone.
12:55 of 2nd period - Brent Burns is hit by Alec Martinez and loses puck.
13:05 of 2nd period - Shot by Adam Lowry.
13:05 of 2nd period - Shot Misses the Net.
13:07 of 2nd period - Shot by Adam Lowry.
13:07 of 2nd period - Shot Misses the Net.
13:53 of 2nd period - Shot by Jordan Martinook.
13:53 of 2nd period - Stopped by Martin Jones without a rebound.
13:54 of 2nd period - Ryan Getzlaf wins face-off versus Antoine Vermette in Oilers zone.
14:01 of 2nd period - Shot by Justin Williams.
14:01 of 2nd period - Shot Blocked by Brady Skjei.
14:23 of 2nd period - Shot by Ryan Getzlaf.
14:23 of 2nd period - Stopped by Andrei Vasilevskiy without a rebound.
14:24 of 2nd period - Boyd Gordon wins face-off versus Ryan Johansen in Flames zone.
14:29 of 2nd period - Shot by Jarome Iginla.
14:29 of 2nd period - Shot Misses the Net.
14:34 of 2nd period - Icing by Brett Ritchie.
14:35 of 2nd period - Ryan Johansen wins face-off versus Adam Lowry in Oilers zone.
14:50 of 2nd period - Shot by Adam Lowry.
14:50 of 2nd period - Shot Blocked by Marc-Edouard Vlasic.
15:06 of 2nd period - Marc-Edouard Vlasic is hit by Adam Lowry.
15:31 of 2nd period - Jared Spurgeon is hit by Ryan Johansen and loses puck.
16:04 of 2nd period - Shot by Aleksander Barkov.
16:04 of 2nd period - Shot Misses the Net.
16:06 of 2nd period - Shot by Brent Burns.
16:06 of 2nd period - Stopped by Andrei Vasilevskiy with a rebound.
16:08 of 2nd period - Shot by Matthew Nieto.
16:08 of 2nd period - Shot Misses the Net.
16:11 of 2nd period - Emerson Etem is hit by Justin Faulk and loses puck.
16:53 of 2nd period - Shot by Brad Marchand.
16:53 of 2nd period - Stopped by Andrei Vasilevskiy without a rebound.
16:54 of 2nd period - Adam Lowry wins face-off versus Artem Anisimov in Flames zone.
17:01 of 2nd period - Shot by Francois Beauchemin.
17:01 of 2nd period - Stopped by Andrei Vasilevskiy without a rebound.
17:02 of 2nd period - Adam Lowry wins face-off versus Matthew Nieto in Flames zone.
18:21 of 2nd period - Off-side.
18:22 of 2nd period - Boyd Gordon wins face-off versus Ryan Johansen in neutral zone.
18:37 of 2nd period - Shot by Jordan Martinook.
18:37 of 2nd period - Shot Misses the Net.
18:47 of 2nd period - Shot by Brett Ritchie.
18:47 of 2nd period - Stopped by Andrei Vasilevskiy without a rebound.
18:48 of 2nd period - Aleksander Barkov wins face-off versus Antoine Vermette in Flames zone.
18:57 of 2nd period - Shot by James van Riemsdyk.
18:57 of 2nd period - Shot Blocked by Matthew Nieto.
18:59 of 2nd period - Shot by Cameron Gaunce.
18:59 of 2nd period - Stopped by Martin Jones without a rebound.
19:00 of 2nd period - Antoine Vermette wins face-off versus Ryan Getzlaf in Oilers zone.
19:04 of 2nd period - Icing by Justin Williams.
19:05 of 2nd period - Ryan Getzlaf wins face-off versus Antoine Vermette in Oilers zone.
19:18 of 2nd period - Shot by Antoine Vermette.
19:18 of 2nd period - Goal by Antoine Vermette - Oilers : 1 - Flames : 2.
19:19 of 2nd period - Brian Flynn wins face-off versus Boyd Gordon in neutral zone.
19:25 of 2nd period - Ryan Johansen is hit by Cameron Gaunce and loses puck.
19:30 of 2nd period - Shot by Martin Marincin.
19:30 of 2nd period - Stopped by Andrei Vasilevskiy without a rebound.
19:31 of 2nd period - Antoine Vermette wins face-off versus Aleksander Barkov in Flames zone.
19:31 of 2nd period - Antoine Vermette is hit by Emerson Etem.
19:36 of 2nd period - James van Riemsdyk is hit by Francois Beauchemin and loses puck.
19:58 of 2nd period - James van Riemsdyk is hit by Brent Burns and loses puck.
Goals for this period are 1 for Oilers vs 1 for Flames.
Shots for this period are 14 for Oilers vs 6 for Flames.

3rd period


0:01 of 3rd period - Antoine Vermette wins face-off versus Ryan Johansen in neutral zone.
0:04 of 3rd period - Shot by James van Riemsdyk.
0:04 of 3rd period - Shot Misses the Net.
0:15 of 3rd period - Minor Penalty to Jared Spurgeon for Roughing.
0:16 of 3rd period - Kyle Palmieri wins face-off versus Ryan Getzlaf in Flames zone.
0:38 of 3rd period - Shot by Brad Marchand.
0:38 of 3rd period - Shot Misses the Net.
0:40 of 3rd period - Shot by Ryan Getzlaf.
0:40 of 3rd period - Shot Misses the Net.
0:42 of 3rd period - Shot by Ryan Getzlaf.
0:42 of 3rd period - Stopped by Andrei Vasilevskiy without a rebound.
0:43 of 3rd period - Ryan Johansen wins face-off versus Kyle Palmieri in Flames zone.
0:46 of 3rd period - Shot by Brian Flynn.
0:46 of 3rd period - Shot Misses the Net.
1:50 of 3rd period - Shot by Justin Williams.
1:50 of 3rd period - Shot Misses the Net.
1:58 of 3rd period - Shot by Brent Burns.
1:58 of 3rd period - Shot Misses the Net.
2:00 of 3rd period - Shot by Marc-Edouard Vlasic.
2:00 of 3rd period - Stopped by Andrei Vasilevskiy with a rebound.
2:02 of 3rd period - Shot by Brent Burns.
2:02 of 3rd period - Deflect By Brad Marchand.
2:02 of 3rd period - Shot Blocked by John Carlson.
2:04 of 3rd period - Shot by Justin Williams.
2:04 of 3rd period - Deflect By Brad Marchand.
2:04 of 3rd period - Shot Blocked by Alec Martinez.
2:49 of 3rd period - Pavel Buchnevich is hit by Brady Skjei and loses puck.
4:34 of 3rd period - Minor Penalty to Alex Petrovic for Holding.
4:35 of 3rd period - Artem Anisimov wins face-off versus Adam Lowry in Oilers zone.
4:54 of 3rd period - Shot by Adam Lowry.
4:54 of 3rd period - Stopped by Martin Jones without a rebound.
4:55 of 3rd period - Antoine Vermette wins face-off versus Ryan Johansen in Oilers zone.
5:03 of 3rd period - Icing by Jared Spurgeon.
5:04 of 3rd period - Antoine Vermette wins face-off versus Ryan Johansen in Flames zone.
7:15 of 3rd period - Off-side.
7:16 of 3rd period - Ryan Getzlaf wins face-off versus Kyle Palmieri in neutral zone.
7:45 of 3rd period - Shot by Gabriel Bourque.
7:45 of 3rd period - Stopped by Martin Jones without a rebound.
7:46 of 3rd period - Ryan Johansen wins face-off versus Alexander Radulov in Oilers zone.
7:50 of 3rd period - Brent Burns is hit by Antoine Vermette and loses puck.
8:27 of 3rd period - Minor Penalty to Adam Lowry for Interference.
8:28 of 3rd period - Ryan Getzlaf wins face-off versus Kyle Palmieri in Flames zone.
8:37 of 3rd period - Shot by Justin Williams.
8:37 of 3rd period - Stopped by Andrei Vasilevskiy without a rebound.
8:38 of 3rd period - Ryan Getzlaf wins face-off versus Kyle Palmieri in Flames zone.
10:19 of 3rd period - Justin Williams is hit by Justin Faulk and loses puck.
10:22 of 3rd period - Shot by Ryan Getzlaf.
10:22 of 3rd period - Stopped by Andrei Vasilevskiy without a rebound.
10:23 of 3rd period - Antoine Vermette wins face-off versus Ryan Johansen in Flames zone.
10:23 of 3rd period - Antoine Vermette is hit by Brett Ritchie.
11:07 of 3rd period - Icing by Brady Skjei.
11:08 of 3rd period - Ryan Johansen wins face-off versus Boyd Gordon in Flames zone.
11:11 of 3rd period - Shot by Brett Ritchie.
11:11 of 3rd period - Shot Misses the Net.
11:33 of 3rd period - Shot by John Carlson.
11:33 of 3rd period - Shot Blocked by Francois Beauchemin.
11:35 of 3rd period - Shot by Kyle Palmieri.
11:35 of 3rd period - Shot Blocked by Brent Burns.
12:26 of 3rd period - Shot by Justin Faulk.
12:26 of 3rd period - Shot Misses the Net.
12:56 of 3rd period - Shot by Shane Doan.
12:56 of 3rd period - Shot Misses the Net.
12:58 of 3rd period - Shot by John Carlson.
12:58 of 3rd period - Shot Blocked by Marc-Edouard Vlasic.
13:00 of 3rd period - Shot by Devante Smith-Pelly.
13:00 of 3rd period - Shot Blocked by Ryan Getzlaf.
13:28 of 3rd period - Shot by Jordan Martinook.
13:28 of 3rd period - Deflect By Jarome Iginla.
13:28 of 3rd period - Stopped by Martin Jones without a rebound.
13:29 of 3rd period - Adam Lowry wins face-off versus Aleksander Barkov in Oilers zone.
13:39 of 3rd period - Adam Lowry is hit by Nikita Tryamkin and loses puck.
13:42 of 3rd period - Shot by Adam Lowry.
13:42 of 3rd period - Stopped by Martin Jones without a rebound.
13:43 of 3rd period - Antoine Vermette wins face-off versus Artem Anisimov in Oilers zone.
13:52 of 3rd period - Shot by Alexander Radulov.
13:52 of 3rd period - Deflect By James van Riemsdyk.
13:52 of 3rd period - Shot Misses the Net.
13:55 of 3rd period - Icing by Martin Marincin.
13:56 of 3rd period - Artem Anisimov wins face-off versus Jordan Martinook in Oilers zone.
14:01 of 3rd period - Shot by Pavel Buchnevich.
14:01 of 3rd period - Stopped by Andrei Vasilevskiy with a rebound.
14:12 of 3rd period - Artem Anisimov is hit by Alec Martinez and loses puck.
14:49 of 3rd period - Shot by Justin Williams.
14:49 of 3rd period - Shot Misses the Net.
14:51 of 3rd period - Shot by Justin Williams.
14:51 of 3rd period - Shot Blocked by Jared Spurgeon.
14:53 of 3rd period - Shot by Marc-Edouard Vlasic.
14:53 of 3rd period - Stopped by Andrei Vasilevskiy without a rebound.
14:54 of 3rd period - Aleksander Barkov wins face-off versus Antoine Vermette in Flames zone.
15:00 of 3rd period - Aleksander Barkov is hit by Brady Skjei and loses puck.
15:06 of 3rd period - Minor Penalty to Cameron Gaunce for Roughing.
15:07 of 3rd period - Ryan Getzlaf wins face-off versus Kyle Palmieri in Flames zone.
15:08 of 3rd period - Shot by Brad Marchand.
15:08 of 3rd period - Shot Misses the Net.
15:14 of 3rd period - Shot by Brent Burns.
15:14 of 3rd period - Stopped by Andrei Vasilevskiy without a rebound.
15:15 of 3rd period - Kyle Palmieri wins face-off versus Ryan Getzlaf in Flames zone.
15:24 of 3rd period - Shot by Brent Burns.
15:24 of 3rd period - Deflect By Justin Williams.
15:24 of 3rd period - Shot Misses the Net.
15:26 of 3rd period - Shot by Brad Marchand.
15:26 of 3rd period - Shot Misses the Net.
15:28 of 3rd period - Shot by Ryan Getzlaf.
15:28 of 3rd period - Shot Misses the Net.
15:30 of 3rd period - Shot by Marc-Edouard Vlasic.
15:30 of 3rd period - Stopped by Andrei Vasilevskiy without a rebound.
15:31 of 3rd period - Kyle Palmieri wins face-off versus Ryan Johansen in Flames zone.
16:01 of 3rd period - Icing by Alex Petrovic.
16:02 of 3rd period - Ryan Johansen wins face-off versus Kyle Palmieri in Oilers zone.
16:02 of 3rd period - Ryan Johansen is hit by James van Riemsdyk.
16:50 of 3rd period - Icing by Justin Williams.
16:51 of 3rd period - Kyle Palmieri wins face-off versus Ryan Getzlaf in Oilers zone.
17:17 of 3rd period - Shot by Aleksander Barkov.
17:17 of 3rd period - Stopped by Andrei Vasilevskiy without a rebound.
17:18 of 3rd period - Boyd Gordon wins face-off versus Artem Anisimov in Flames zone.
17:47 of 3rd period - Off-side.
17:48 of 3rd period - Antoine Vermette wins face-off versus Ryan Johansen in neutral zone.
17:48 of 3rd period - Antoine Vermette is hit by Ryan Johansen.
17:54 of 3rd period - Brent Burns is hit by Alexander Radulov and loses puck.
18:08 of 3rd period - Alexander Radulov is hit by Brett Ritchie and loses puck.
19:00 of 3rd period - Oilers, Martin Jones is pulled from the net.
19:58 of 3rd period - Shot by Dominic Moore.
19:58 of 3rd period - Shot Blocked by Kyle Palmieri.
Goals for this period are 0 for Oilers vs 0 for Flames.
Shots for this period are 9 for Oilers vs 4 for Flames.